[ AOE2 MATCH · #505079478 ]
UnrankedBritons vs Malians
Player's team · WIN
Rival team · LOSS
[ REPLAY ANALYSIS · EXTRACTED FROM THE RECORDED GAME ]
Feudal
10:06
Castle
16:51
Imperial
32:54
| APM avg | 81.5 |
| APM peak | 135 |
| eAPM avg | 50.8 |
| Villagers / military | 254 / 460 |
Focus
⚔️ 50.7% · 🌾 49.3%
Militia ×275 · Longbowman ×91 · Spearman ×77 · Trebuchet (Packed) ×15 · Monk ×2
Feudal
8:01
Castle
21:06
Imperial
35:13
| APM avg | 36.0 |
| APM peak | 79 |
| eAPM avg | 22.7 |
| Villagers / military | 206 / 508 |
Focus
⚔️ 39.2% · 🌾 60.8%
Militia ×233 · Scout Cavalry ×143 · Skirmisher ×61 · Hand Cannoneer ×34 · Battering Ram ×17 · Gbeto ×8
Match map
Initial resources + every placement click. Lines = walls · curves = elevation contours. ◆ gold · ⬟ stone · ● berries · ✦ relic · ◌ wall gap
Your base· ✓ Closed at 16:51 · 26t walls · 3 gate(s)
Kim Jong Un's base· ✓ Closed at 21:06 · 10t walls · 3 gate(s)
Smoothed initial terrain · ◌ = detected wall gap · hover for details
Inputs per minute
— droginho - - Kim Jong Un
Build order — droginho
First 150 of 963 actions detected
| 0:00 | Queue | Villager (Male) |
| 0:01 | Queue | Villager (Male) |
| 0:02 | Build | House |
| 0:03 | Build | House |
| 0:05 | Queue | Villager (Male) |
| 0:09 | Queue | Villager (Male) |
| 1:15 | Queue | Villager (Male) |
| 1:16 | Queue | Villager (Male) |
| 1:42 | Queue | Villager (Male) |
| 1:44 | Build | Lumber Camp |
| 2:08 | Queue | Villager (Male) |
| 2:31 | Queue | Villager (Male) |
| 2:43 | Queue | Villager (Male) |
| 3:10 | Queue | Villager (Male) |
| 3:28 | Queue | Villager (Male) |
| 3:49 | Build | House |
| 3:49 | Build | House |
| 4:07 | Queue | Villager (Male) |
| 4:07 | Queue | Villager (Male) |
| 4:13 | Build | Mill |
| 4:34 | Queue | Villager (Male) |
| 4:51 | Queue | Villager (Male) |
| 5:05 | Queue | Villager (Male) |
| 6:29 | Queue | Villager (Male) |
| 6:29 | Queue | Villager (Male) |
| 6:46 | Build | Farm |
| 6:55 | Build | Farm |
| 6:56 | Build | Farm |
| 7:10 | Queue | Villager (Male) |
| 7:10 | Queue | Villager (Male) |
| 7:14 | Research | Loom |
| 7:39 | Build | Mining Camp |
| 7:47 | Build | House |
| 7:52 | Research | Feudal Age |
| 8:30 | Queue | Villager (Male) |
| 8:48 | Queue | Villager (Male) |
| 8:54 | Build | Palisade Wall |
| 8:58 | Build | Palisade Wall |
| 9:15 | Build | Mining Camp |
| 9:16 | Queue | Villager (Male) |
| 9:16 | Queue | Villager (Male) |
| 9:43 | Queue | Villager (Male) |
| 9:44 | Queue | Villager (Male) |
| 9:44 | Queue | Villager (Male) |
| 9:44 | Queue | Villager (Male) |
| 9:55 | Build | Palisade Wall |
| 9:57 | Queue | Villager (Male) |
| 10:06 | Age | Feudal Age |
| 10:08 | Build | Market |
| 10:41 | Build | Mining Camp |
| 10:57 | Build | Palisade Wall |
| 10:59 | Queue | Villager (Male) |
| 11:11 | Build | House |
| 11:21 | Build | Watch Tower |
| 12:22 | Build | Blacksmith |
| 12:41 | Queue | Villager (Male) |
| 12:50 | Queue | Villager (Male) |
| 12:58 | Build | House |
| 13:00 | Build | House |
| 13:06 | Build | Farm |
| 13:25 | Queue | Villager (Male) |
| 14:11 | Research | Castle Age |
| 14:30 | Build | Stone Wall |
| 14:45 | Build | Stone Wall |
| 15:20 | Queue | Villager (Male) |
| 15:22 | Build | Farm |
| 15:43 | Build | Farm |
| 15:55 | Research | Double-Bit Axe |
| 15:55 | Research | Double-Bit Axe |
| 16:26 | Build | Farm |
| 16:38 | Queue | Villager (Male) |
| 16:51 | Age | Castle Age |
| 17:12 | Queue | Villager (Male) |
| 17:20 | Build | Castle |
| 17:43 | Queue | Villager (Male) |
| 17:58 | Build | Farm |
| 18:05 | Queue | Villager (Male) |
| 18:06 | Build | House |
| 18:11 | Queue | Villager (Male) |
| 18:12 | Queue | Villager (Male) |
| 18:21 | Queue | Longbowman |
| 18:21 | Queue | Longbowman |
| 18:25 | Queue | Villager (Male) |
| 18:55 | Build | Stone Wall |
| 19:01 | Queue | Longbowman |
| 19:01 | Queue | Longbowman |
| 19:09 | Queue | Villager (Male) |
| 19:09 | Queue | Villager (Male) |
| 19:20 | Queue | Longbowman |
| 19:21 | Queue | Longbowman |
| 19:39 | Queue | Villager (Male) |
| 19:39 | Queue | Villager (Male) |
| 20:04 | Queue | Longbowman |
| 20:04 | Queue | Longbowman |
| 20:05 | Queue | Villager (Male) |
| 20:10 | Build | Town Center |
| 20:12 | Build | Farm |
| 20:13 | Queue | Longbowman |
| 20:17 | Build | House |
| 20:19 | Build | Palisade Wall |
| 20:25 | Queue | Villager (Male) |
| 20:47 | Build | Stone Wall |
| 20:52 | Queue | Villager (Male) |
| 20:54 | Build | Farm |
| 20:57 | Build | Farm |
| 20:59 | Build | Farm |
| 21:01 | Build | Farm |
| 21:13 | Build | Monastery |
| 21:14 | Queue | Villager (Male) |
| 21:24 | Queue | Villager (Male) |
| 21:24 | Queue | Villager (Male) |
| 21:30 | Queue | Villager (Male) |
| 21:43 | Build | House |
| 21:55 | Research | Horse Collar |
| 21:57 | Queue | Villager (Male) |
| 21:57 | Queue | Villager (Male) |
| 22:08 | Queue | Villager (Male) |
| 22:12 | Queue | Monk |
| 22:14 | Build | House |
| 22:18 | Build | Farm |
| 22:19 | Queue | Villager (Male) |
| 22:19 | Queue | Villager (Male) |
| 22:22 | Build | Farm |
| 22:33 | Build | Farm |
| 22:36 | Queue | Villager (Male) |
| 22:54 | Queue | Villager (Male) |
| 22:56 | Build | Farm |
| 22:58 | Build | Farm |
| 23:09 | Build | House |
| 23:20 | Queue | Villager (Male) |
| 23:22 | Build | Farm |
| 23:25 | Build | Farm |
| 23:26 | Queue | Villager (Male) |
| 23:30 | Queue | Villager (Male) |
| 23:30 | Queue | Villager (Male) |
| 23:56 | Queue | Monk |
| 23:57 | Queue | Villager (Male) |
| 23:57 | Queue | Villager (Male) |
| 24:08 | Queue | Villager (Male) |
| 24:09 | Queue | Villager (Male) |
| 24:10 | Build | Town Center |
| 24:17 | Build | Lumber Camp |
| 24:19 | Queue | Villager (Male) |
| 24:33 | Queue | Villager (Male) |
| 24:40 | Queue | Villager (Male) |
| 24:46 | Queue | Villager (Male) |
| 24:51 | Queue | Villager (Male) |
| 24:51 | Queue | Villager (Male) |
| 25:14 | Queue | Villager (Male) |
| 25:15 | Queue | Villager (Male) |
Build order — Kim Jong Un
First 150 of 630 actions detected
| 0:00 | Queue | Villager (Male) ×4 |
| 0:02 | Build | House |
| 0:04 | Build | House |
| 1:23 | Queue | Villager (Male) |
| 1:57 | Queue | Villager (Male) ×2 |
| 2:14 | Queue | Villager (Male) |
| 2:35 | Build | House |
| 2:58 | Build | Lumber Camp |
| 3:00 | Queue | Villager (Male) ×2 |
| 4:01 | Queue | Villager (Male) |
| 4:20 | Queue | Villager (Male) |
| 4:20 | Queue | Villager (Male) |
| 4:28 | Research | Loom |
| 5:04 | Build | Mining Camp |
| 5:08 | Build | Mill |
| 5:51 | Research | Feudal Age |
| 6:25 | Build | House |
| 6:28 | Queue | Villager (Male) |
| 6:29 | Queue | Villager (Male) |
| 6:48 | Build | Mining Camp |
| 7:34 | Queue | Villager (Male) |
| 8:01 | Age | Feudal Age |
| 8:02 | Queue | Villager (Male) ×4 |
| 8:11 | Build | Watch Tower |
| 8:35 | Queue | Villager (Male) |
| 9:01 | Research | Double-Bit Axe |
| 9:30 | Queue | Villager (Male) |
| 9:53 | Build | House |
| 9:55 | Build | House |
| 9:56 | Build | House |
| 10:04 | Research | Horse Collar |
| 10:08 | Build | Farm |
| 10:30 | Build | Watch Tower |
| 10:32 | Queue | Villager (Male) |
| 10:41 | Build | House |
| 10:45 | Build | Palisade Wall |
| 10:48 | Build | Palisade Wall |
| 10:49 | Queue | Villager (Male) ×2 |
| 11:28 | Build | Farm |
| 11:40 | Build | Farm |
| 12:00 | Build | Watch Tower |
| 12:09 | Queue | Villager (Male) |
| 12:30 | Queue | Villager (Male) |
| 12:30 | Queue | Villager (Male) |
| 12:48 | Build | Mining Camp |
| 13:03 | Build | Palisade Wall |
| 13:04 | Build | Palisade Wall |
| 13:06 | Build | Palisade Wall |
| 13:09 | Build | Palisade Wall |
| 13:13 | Build | Palisade Wall |
| 13:14 | Build | Palisade Wall |
| 13:18 | Queue | Villager (Male) |
| 13:18 | Queue | Villager (Male) |
| 13:31 | Build | Farm |
| 13:42 | Build | Lumber Camp |
| 13:52 | Queue | Villager (Male) |
| 14:15 | Queue | Villager (Male) |
| 14:25 | Build | Blacksmith |
| 14:49 | Build | Farm |
| 14:52 | Queue | Villager (Male) |
| 14:53 | Queue | Villager (Male) |
| 15:09 | Queue | Villager (Male) |
| 15:26 | Queue | Villager (Male) |
| 15:31 | Build | Farm |
| 15:35 | Build | Farm |
| 15:51 | Queue | Villager (Male) |
| 15:57 | Build | Farm |
| 15:58 | Build | Farm |
| 15:58 | Build | Farm |
| 16:13 | Queue | Villager (Male) |
| 16:30 | Build | Market |
| 16:37 | Build | Farm |
| 16:43 | Build | Farm |
| 17:15 | Build | Farm |
| 17:23 | Queue | Villager (Male) |
| 17:39 | Build | Watch Tower |
| 17:47 | Queue | Villager (Male) |
| 18:00 | Queue | Villager (Male) |
| 18:18 | Research | Castle Age |
| 18:48 | Queue | Villager (Male) ×2 |
| 18:57 | Queue | Villager (Male) |
| 19:16 | Queue | Villager (Male) |
| 19:22 | Build | Palisade Wall |
| 19:27 | Queue | Villager (Male) |
| 19:30 | Build | Palisade Wall |
| 19:45 | Queue | Villager (Male) |
| 20:00 | Queue | Villager (Male) ×2 |
| 20:24 | Queue | Villager (Male) |
| 21:02 | Queue | Villager (Male) |
| 21:06 | Age | Castle Age |
| 21:08 | Build | Town Center |
| 21:12 | Build | Town Center |
| 21:13 | Research | Bow Saw |
| 21:18 | Build | Barracks |
| 21:23 | Research | Padded Archer Armor |
| 21:38 | Queue | Villager (Male) |
| 21:38 | Queue | Villager (Male) |
| 21:44 | Build | House |
| 21:55 | Research | Fletching |
| 22:03 | Queue | Villager (Male) |
| 22:03 | Queue | Villager (Male) |
| 22:04 | Research | Wheelbarrow |
| 22:13 | Queue | Villager (Male) |
| 22:13 | Queue | Villager (Male) |
| 22:23 | Build | Archery Range |
| 22:26 | Build | Farm |
| 22:32 | Queue | Villager (Male) |
| 22:34 | Queue | Villager (Male) |
| 22:49 | Queue | Villager (Male) |
| 22:50 | Queue | Villager (Male) |
| 22:56 | Build | Town Center |
| 23:11 | Queue | Villager (Male) |
| 23:13 | Build | Farm |
| 23:14 | Build | Farm |
| 23:17 | Build | Farm |
| 23:19 | Queue | Villager (Male) |
| 23:31 | Queue | Villager (Male) |
| 23:35 | Build | Farm |
| 23:36 | Build | Farm |
| 23:36 | Build | Farm |
| 23:42 | Build | Farm |
| 23:47 | Queue | Villager (Male) |
| 23:47 | Queue | Villager (Male) |
| 24:05 | Build | Castle |
| 24:09 | Build | Lumber Camp |
| 24:11 | Queue | Villager (Male) |
| 24:11 | Queue | Villager (Male) |
| 24:14 | Queue | Skirmisher |
| 24:15 | Queue | Skirmisher |
| 24:22 | Research | Elite Skirmisher (upgrade) |
| 24:22 | Research | Elite Skirmisher (upgrade) |
| 24:23 | Queue | Villager (Male) |
| 24:24 | Queue | Villager (Male) |
| 24:35 | Queue | Villager (Male) |
| 24:35 | Queue | Villager (Male) |
| 24:41 | Queue | Villager (Male) |
| 24:41 | Queue | Villager (Male) |
| 24:51 | Build | House |
| 24:53 | Build | House |
| 24:56 | Research | Town Watch |
| 24:59 | Queue | Villager (Male) |
| 25:03 | Queue | Villager (Male) |
| 25:11 | Build | Mill |
| 25:12 | Build | Farm |
| 25:13 | Build | Farm |
| 25:13 | Build | Farm |
| 25:13 | Build | Farm |
| 25:15 | Queue | Villager (Male) |
| 25:18 | Queue | Villager (Male) |
| 25:22 | Queue | Skirmisher |
Match timeline
| 8:01 | Kim Jong Un · age_up feudal |
| 8:54 | droginho · wall_segment Palisade Wall x9 |
| 8:58 | droginho · wall_segment Palisade Wall x8 |
| 9:55 | droginho · wall_segment Palisade Wall x3 |
| 10:06 | droginho · age_up feudal |
| 10:45 | Kim Jong Un · wall_segment Palisade Wall x1 |
| 10:48 | Kim Jong Un · wall_segment Palisade Wall x1 |
| 10:57 | droginho · wall_segment Palisade Wall x5 |
| 13:03 | Kim Jong Un · wall_segment Palisade Wall x1 |
| 13:04 | Kim Jong Un · wall_segment Palisade Wall x1 |
| 13:06 | Kim Jong Un · wall_segment Palisade Wall x1 |
| 13:09 | Kim Jong Un · wall_segment Palisade Wall x1 |
| 13:13 | Kim Jong Un · wall_segment Palisade Wall x1 |
| 13:14 | Kim Jong Un · wall_segment Palisade Wall x1 |
| 13:57 | droginho · first_market_sell 100 wood |
| 13:57 | droginho · first_market_buy 100 food |
| 14:30 | droginho · wall_segment Stone Wall x1 |
| 14:45 | droginho · wall_segment Stone Wall x1 |
| 16:51 | droginho · age_up castle |
| 17:20 | droginho · first_building Castle |
| 18:55 | droginho · wall_segment Stone Wall x1 |
| 19:22 | Kim Jong Un · wall_segment Palisade Wall x1 |
| 19:30 | Kim Jong Un · wall_segment Palisade Wall x1 |
| 20:19 | droginho · wall_segment Palisade Wall x1 |
| 20:47 | droginho · wall_segment Stone Wall x1 |
| 21:06 | Kim Jong Un · age_up castle |
| 21:13 | droginho · first_building Monastery |
| 21:18 | Kim Jong Un · first_building Barracks |
| 22:23 | Kim Jong Un · first_building Archery Range |
| 23:22 | Kim Jong Un · first_market_buy 100 food |
| 24:05 | Kim Jong Un · first_building Castle |
| 26:47 | Kim Jong Un · first_building Siege Workshop |
| 29:30 | droginho · first_building Barracks |
| 32:54 | droginho · age_up imperial |
| 35:13 | Kim Jong Un · age_up imperial |
| 36:09 | Kim Jong Un · first_market_sell 100 wood |
| 38:18 | Kim Jong Un · first_building Stable |
| 45:56 | droginho · wall_segment Stone Wall x2 |
| 45:58 | droginho · wall_segment Stone Wall x1 |
| 46:00 | droginho · wall_segment Stone Wall x1 |
| 46:00 | droginho · wall_segment Stone Wall x1 |
| 46:02 | droginho · wall_segment Stone Wall x1 |
| 46:39 | droginho · wall_segment Stone Wall x11 |
| 46:43 | droginho · wall_segment Stone Wall x4 |
| 47:11 | droginho · wall_segment Stone Wall x1 |
| 47:52 | droginho · wall_segment Stone Wall x5 |
| 47:56 | droginho · wall_segment Stone Wall x3 |
| 48:17 | droginho · wall_segment Stone Wall x1 |
| 48:21 | droginho · wall_segment Stone Wall x1 |
| 48:22 | droginho · wall_segment Stone Wall x2 |
| 49:11 | droginho · wall_segment Stone Wall x9 |
| 50:41 | droginho · wall_segment Stone Wall x1 |
| 58:15 | Kim Jong Un · resign |
[ AI ANALYSIS · 1 CREDIT ]
What really happened in this match?
Wolo.gg analyzes every decision: build order, eco, micro, common mistakes by bracket. Personalized analysis on WhatsApp or Discord in 30 seconds.
Civ guide
Britons
Perfil
Jugador #4489200